 Dungeon Crawl Stone Soup version 0.28.0-47-ge53b351184 (webtiles) character file.

Game seed: 2613405333104325583

1876 Revguard the Chiller (level 8, 0/66 HPs)
             Began as a Demonspawn Ice Elementalist on May 5, 2022.
             Slain by an orc warrior
             ... wielding a +0 glaive
              (20 damage)
             ... on level 6 of the Dungeon on May 6, 2022.
             The game lasted 00:22:02 (6118 turns).

Revguard the Chiller (Demonspawn Ice Elementalist)  Turns: 6118, Time: 00:22:02

Health: 0/66       AC:  8    Str: 11    XL:     8   Next: 91%
Magic:  22/24      EV: 13    Int: 16    God:
Gold:   383        SH:  0    Dex: 16    Spells: 4/17 levels left

rFire   + + .      SeeInvis .   g - +6 spear "Kotonao" {freeze, MP+9}
rCold   + . .      Faith    .   (no shield)
rNeg    . . .      Spirit   .   f - +2 leather armour {rF+}
rPois   .          Reflect  .   n - +2 helmet
rElec   .          Harm     .   (no cloak)
rCorr   .          Rampage  .   (no gloves)
Will    .....                   (no boots)
Stlth   +++.......              (no amulet)
HPRegen 0.21/turn               j - ring of protection from cold
MPRegen 0.19/turn               (no ring)

@: no status effects
A: hooves 1, thin skeletal structure 1, spiny 2, fire resistance 1, robust 1,
subdued magic 1
a: no special abilities


You were on level 6 of the Dungeon.
You visited 1 branch of the dungeon, and saw 6 of its levels.
You also visited: Sewer.

You collected 383 gold pieces.

Inventory:

Hand Weapons
 g - the +6 spear "Kotonao" (weapon) {freeze, MP+9}
   (You found it on level 2 of the Dungeon)

   It freezes those it strikes, dealing additional cold damage.
   It can also slow down cold-blooded creatures.
   MP:        It affects your magic capacity (+9).
Armour
 e - a +1 ring mail of poison resistance
 f - a +2 leather armour of fire resistance (worn)
 n - a +2 helmet (worn)
Jewellery
 j - a ring of protection from cold (left hand)
Wands
 p - a wand of flame (30)
Scrolls
 a - 2 scrolls of enchant weapon
 h - 3 scrolls of identify {unknown}
 i - 5 scrolls of teleportation
 k - a scroll of fog {unknown}
 l - a scroll of fear
Potions
 b - a potion of resistance {unknown}
 c - 2 potions of curing
 d - a potion of magic {unknown}
 m - 2 potions of flight
 o - a potion of brilliance {unknown}


   Skills:
 + Level 3.7 Fighting
 + Level 3.3 Staves
 + Level 3.2 Armour
 + Level 3.8 Dodging
 - Level 1.9 Stealth
 + Level 5.0 Spellcasting
 + Level 3.4 Conjurations
 + Level 5.0 Ice Magic
 + Level 1.7 Air Magic
 + Level 3.2 Evocations


You had 4 spell levels left.
You knew the following spells:

 Your Spells              Type           Power      Damage    Failure   Level
a - Freeze                Ice            60%        1d8       1%          1
b - Frozen Ramparts       Ice            30%        1d5       6%          3
c - Hailstorm             Conj/Ice       13%        3d5       28%         4
d - Lightning Bolt        Conj/Air       4%         1d16      86%         5

Your spell library contained the following spells:

 Spells                   Type           Power      Damage    Failure   Level
 Ozocubu's Armour         Ice            15%        N/A       6%          3
 Static Discharge         Conj/Air       9%         N/A       8%          2
 Maxwell's Capacitive Co  Air            3%         ∞         100%        8


Dungeon Overview and Level Annotations

Branches:
Dungeon (6/15)              Sewer (visited)
 Temple: D:4-7

Altars:
Cheibriados
Xom

Annotations:
D:5 2 transporters, Erymatos's ghost, novice MiBe


Innate Abilities, Weirdness & Mutations

You have large cloven feet.
You have a somewhat thin skeletal structure. (Dex +2, Stealth+)
You are mostly covered in sharp spines.
Your flesh is heat resistant. (rF+)
You are robust. (+10% HP)
Your spells are a little easier to cast, but a little less powerful.


Message History

The orc throws a boomerang.
The boomerang barely misses you.
The centaur wields a +0 shortbow.
The centaur shoots an arrow.
The arrow closely misses you. The orc warrior barely misses you.
You see here a bullfrog corpse.
The centaur shoots an arrow.
The arrow hits you.
The orc warrior throws a boomerang.
The boomerang hits you.
The orc throws a boomerang.
The boomerang barely misses you.
Casting: Frozen Ramparts (dangerous; 6% risk of failure)
Confirm with . or Enter, or press ? or * to list all spells.
Casting: Frozen Ramparts (dangerous; 6% risk of failure)
Press: ? - help, Dir - look around, f - activate The walls around you are covered in ice.
The wall freezes the centaur.
The wall freezes the orc.
You hit the orc. You freeze the orc.
You kill the orc!
The wall freezes the centaur.
The centaur shoots an arrow.
The arrow hits you!
The wall freezes the orc warrior.
The wall freezes the centaur.
The centaur shoots an arrow.
The arrow hits you.
Reach: g) +6 spear "Kotonao" {freeze, MP+9}
Press: ? - help, Dir - move target, f - centaur
Aim: a centaur, wielding a +0 shortbow and quivering arrows (lightly wounded, about 23% to evade the +6 spear "Kotonao")
You reach to attack!
You barely miss the centaur.
The centaur is lightly wounded.
The wall freezes the centaur.
The centaur shoots an arrow.
The arrow hits you!
The wall freezes the orc warrior.
The orc warrior closely misses you.
Okay, then.
Your frozen ramparts will break if you move.
Continue?
The frozen ramparts melt away as you move.
The centaur shoots an arrow.
The arrow hits you.
The orc warrior throws a boomerang.
The boomerang hits you but does no damage.
The centaur shoots an arrow.
The arrow hits you but does no damage.
The centaur shoots an arrow.
The arrow hits you but does no damage.
The orc warrior throws a boomerang.
The boomerang hits you but does no damage.
The orc warrior hits you with a +0 glaive!
You hit the orc warrior. You freeze the orc warrior.
The orc warrior is heavily wounded.
The orc warrior hits you with a +0 glaive!!
You die...

....... ###.# #######
#.# # #.# # #.# # #.# #
### #.# # ##.. #.# #
####...#########.####.#
.......†oco@...#......#
###....##o####.#####..#
#.#.# #.# #........# #
#. #.# #######.## # #.#
#.# #.# #.# #.# #.# #.#
#.# #.#


You could see an orc warrior, a centaur and 2 orcs.

Vanquished Creatures
  Sigmund (D:3)
  Eustachio (D:4)
  A water moccasin (D:5)
  A black bear (D:6)
  An ice beast (D:5)
  An ogre (D:4)
  A phantom (D:6)
  A bullfrog (D:6)
  A scorpion (D:6)
  A water moccasin zombie (D:4)
  5 wights (D:6)
  2 bullfrog zombies (D:4)
  A centaur zombie (D:5)
  A jelly (D:6)
  A bullfrog skeleton (D:6)
  A centaur skeleton (D:4)
  Jessica (D:3)
  4 iguanas
  3 orc wizards (D:3)
  A merfolk siren (Sewer)
  A merfolk avatar (Sewer)
  4 scorpion zombies (D:4)
  A howler monkey zombie (D:4)
  Robin (D:2)
  8 adders
  An adder zombie (D:4)
  4 worms
  3 adder skeletons (D:4)
  A dart slug (D:3)
  7 orcs
  7 bats
  3 endoplasms
  7 giant cockroaches
  11 goblins
  8 hobgoblins
  6 jackals
  7 quokkas
  8 ball pythons
  9 frilled lizards
  4 kobolds
  23 rats
154 creatures vanquished.

Vanquished Creatures (others)
  6 fungi (D:3)
  4 toadstools (D:3)
10 creatures vanquished.

Grand Total: 164 creatures vanquished

Notes
Turn   | Place    | Note
-------+----------+-------------------------------------------
     0 | D:1      | Revguard the Demonspawn Ice Elementalist began the quest
                  | for the Orb.
     0 | D:1      | Reached XP level 1. HP: 13/13 MP: 3/3
     9 | D:1      | Found a faded altar of an unknown god.
   359 | D:1      | Gained mutation: You have large cloven feet. [demonic
                  | ancestry]
   359 | D:1      | Reached XP level 2. HP: 20/20 MP: 3/5
  1192 | D:2      | Gained mutation: You have a somewhat thin skeletal
                  | structure. (Dex +2, Stealth+) [demonic ancestry]
  1192 | D:2      | Reached XP level 3. HP: 25/25 MP: 1/6
  1312 | D:2      | Reached skill level 1 in Fighting
  1335 | D:2      | Learned a level 3 spell: Frozen Ramparts
  1470 | D:2      | Noticed Robin
  1654 | D:2      | Killed Robin
  1655 | D:2      | Reached skill level 1 in Staves
  1940 | D:2      | Identified the +6 spear "Kotonao" {freeze, MP+9}
  2071 | D:2      | Reached XP level 4. HP: 32/32 MP: 7/7
  2286 | D:3      | Reached skill level 1 in Armour
  2328 | D:3      | Reached skill level 1 in Conjurations
  2369 | D:3      | Reached XP level 5. HP: 28/37 MP: 8/8
  2378 | D:3      | Learned a level 4 spell: Hailstorm
  2453 | D:3      | Noticed Sigmund
  2465 | D:3      | Killed Sigmund
  2466 | D:3      | Reached skill level 1 in Evocations
  2466 | D:3      | Gained mutation: You are partially covered in sharp spines.
                  | [demonic ancestry]
  2466 | D:3      | Reached XP level 6. HP: 43/44 MP: 10/10
  2489 | D:3      | Noticed Jessica
  2496 | D:3      | Killed Jessica
  3046 | D:3      | Gained mutation: Your spells are a little easier to cast,
                  | but a little less powerful. [potion of mutation]
  3046 | D:3      | Gained mutation: Your flesh is heat resistant. (rF+)
                  | [potion of mutation]
  3046 | D:3      | Gained mutation: You are robust. (+10% HP) [potion of
                  | mutation]
  3259 | D:4      | Gained mutation: You are mostly covered in sharp spines.
                  | [demonic ancestry]
  3259 | D:4      | Reached XP level 7. HP: 42/55 MP: 12/12
  3417 | D:4      | Noticed Eustachio
  3426 | D:4      | Killed Eustachio
  3746 | D:4      | Found a shimmering altar of Xom.
  4021 | D:5      | Entered Level 5 of the Dungeon
  4041 | D:5      | Learned a level 5 spell: Lightning Bolt
  4081 | D:5      | Reached XP level 8. HP: 46/62 MP: 14/14
  4449 | D:5      | Found a glowing drain.
  4458 | Sewer    | Entered a sewer
  5150 | D:5      | Found a transporter.
  5151 | D:5      | Noticed Erymatos's ghost (novice MiBe)
  5159 | D:5      | Found a transporter.
  5358 | D:6      | Reached skill level 1 in Air Magic
  5733 | D:6      | Reached skill level 5 in Ice Magic
  5735 | D:6      | Found a snail-covered altar of Cheibriados.
  5914 | D:6      | Reached skill level 5 in Spellcasting
  6118 | D:6      | Slain by an orc warrior

Illustrated notes

Levels and vault maps discovered:
D:1:      evilmike_arrival_plus, layout_loops_ring,
          ebering_ecumenical_altar_rust
D:2:      layout_basic, uniq_robin
D:3:      layout_basic, hex_tiny, minmay_gold_behind_fungi,
          kennysheep_generic_room_14, uniq_jessica, uniq_sigmund
D:4:      layout_loops_ring, mainiacjoe_overflow_catwalk, serial_undead,
          serial_undead_a, serial_undead_c, serial_undead_d, serial_undead_a,
          nrook_mini_vaults, minmay_misc_feat_four_crosses,
          eino_small_chamber_without_monster, uniq_eustachio
D:5:      layout_basic, cheibrodos_sewer_entry_drain, gammafunk_ghost_smash
D:6:      layout_loops_ring, marbit_many_paths,
          minmay_temple_entry_antechambers, chequers_serial_rivers_marsh

Skill      XL: |  1  2  3  4  5  6  7  8 |
---------------+-------------------------+-----
Dodging        | 2 3 |  3.8
Fighting       | 1 2 3 |  3.7
Staves         | 1 2 3 |  3.3
Armour         | 1 2 3 |  3.2
Conjurations   | 1 2 3 |  3.4
Ice Magic      | 4 5 |  5.0
Spellcasting   | 3 4 5 |  5.0
Evocations     | 1 2 3 |  3.2
Air Magic      | 1 |  1.7
Stealth        | |  1.9

Action                   |  1- 3 |  4- 6 |  7- 9 || total
-------------------------+-------+-------+-------++-------
Melee: Unarmed           |     6 |       |       ||     6
       Whip              |    59 |       |       ||    59
       Kick              |    18 |    17 |    39 ||    74
       Spear             |     3 |    62 |   162 ||   227
       Punch             |       |     1 |     3 ||     4
 Cast: Freeze            |    35 |     6 |     5 ||    46
       Frozen Ramparts   |       |     1 |    10 ||    11
  Use: Scroll            |     4 |     2 |       ||     6
       Potion            |     3 |     4 |     2 ||     9
 Stab: Distracted        |     1 |       |       ||     1
       Sleeping          |       |     5 |    15 ||    20
Armor: Robe              |     7 |       |       ||     7
       Ring mail         |    32 |    20 |       ||    52
       Skin              |       |     4 |       ||     4
       Leather armour    |       |       |    48 ||    48
Dodge: Dodged            |    73 |    32 |    84 ||   189
